 Dungeon Crawl Stone Soup version 0.24.0-37-gcf1ca852f1 (webtiles) character file.

Game seed: 11265318615764866272, levelgen mode: deterministic

196 Mrkan the Covered (level 5, -6/33 HPs)
             Began as a Gargoyle Fighter on Nov 26, 2019.
             Was a Follower of Nemelex Xobeh.
             Killed by nerve-wracking pain
             ... invoked by Jessica
              (7 damage)
             ... on level 3 of the Dungeon.
             The game lasted 00:03:52 (2204 turns).

Mrkan the Covered (Gargoyle Fighter)                Turns: 2204, Time: 00:03:52

Health: -6/33      AC: 11    Str: 21    XL:     5   Next: 74%
Magic:  5/5        EV:  7    Int:  8    God:    Nemelex Xobeh [*.....]
Gold:   92         SH:  9    Dex:  9    Spells: 4/4 levels left

rFire    . . .     SeeInvis .   a - +0 flail
rCold    . . .     Gourm    .   c - +0 shield
rNeg     + . .     Faith    .   b - +0 scale mail
rPois    ∞         Spirit   .   (no helmet)
rElec    +         Reflect  .   (no cloak)
rCorr    .         Harm     .   (no gloves)
MR       .....                  (no boots)
Stlth    ..........             (no amulet)
HPRegen  0.11/turn              (no ring)
MPRegen  0.09/turn              (no ring)

@: slowed, very slow
A: negative energy resistance 1, electricity resistance, unbreathing,
petrification resistance, rot immunity, AC +4
a: Draw Escape, Draw Destruction, Draw Summoning, Renounce Religion


You were on level 3 of the Dungeon.
You worshipped Nemelex Xobeh.
Nemelex Xobeh was aware of your devotion.
You were hungry.

You visited 1 branch of the dungeon, and saw 3 of its levels.

You collected 92 gold pieces.

Inventory:

Hand Weapons
 a - a +0 flail (weapon)
Armour
 b - a +0 scale mail (worn)
 c - a +0 shield (worn)
Jewellery
 i - an uncursed ring of flight {unknown}
 l - an uncursed ring of poison resistance {unknown}
 o - an uncursed ring of ice {unknown}
Wands
 n - a wand of clouds (4)
Scrolls
 e - 2 scrolls of blinking {unknown}
 g - 2 scrolls of teleportation {unknown}
 m - 3 scrolls of identify {unknown}
 p - a scroll of immolation {unknown}
 r - a scroll of enchant armour {unknown}
Potions
 h - 2 potions of curing {unknown}
 j - a potion of invisibility {unknown}
 k - a potion of mutation {unknown}
 q - a potion of resistance {unknown}
Comestibles
 d - a chunk of flesh
 f - 7 rations


   Skills:
 + Level 4.2 Fighting
 * Level 3.9 Maces & Flails
 + Level 4.3 Armour
 + Level 4.2 Shields


You had 4 spell levels left.
You didn't know any spells.
Your spell library was empty.

Dungeon Overview and Level Annotations

Branches:
Dungeon (3/15)

Altars:
Nemelex Xobeh

Annotations:
D:3 1 runed translucent door, Jessica; simoneus's ghost, amateur GnNe


Innate Abilities, Weirdness & Mutations

You are resistant to torment.
Your stone body is resilient. (AC +4)
You are immune to poison.
You resist negative energy. (rN+)
You are resistant to electric shocks. (rElec)
You can survive without breathing.
You are immune to petrification.
You are immune to rotting.


Message History

You closely miss Jessica.
Jessica is severely wounded.
You block Jessica's attack. Jessica hits you.
* * * LOW HITPOINT WARNING * * *
The orc hits you but does no damage. x2; Jessica hits you but does no damage.
You block the orc's attack. x2
You closely miss Jessica.
Jessica is severely wounded.
Jessica hits you.
* * * LOW HITPOINT WARNING * * *
You block the orc's attack.
Jessica mumbles something strange.
Jessica hits you.
* * * LOW HITPOINT WARNING * * *
The orc hits you but does no damage. You block the orc's attack.
The orc barely misses you. Jessica hits you but does no damage.
Jessica gestures at you while chanting. Pain shoots through your body!
You die...
Your body disappears without a glow.

#..#......##.#.
#..##..#.......
#..##.)#.......
#......(.....#
#..##..#..#### ....#
#..##..#..#### .#.#.#
#..##oo#..... .....
#..##o.#..####. . ....
#..##.@@....... ..###.#
#.......................
#.............. ........
#..#..##....... ...# #.
#..#..##...###. #..# #.
##..........# #. #..# #.
......#..##...# #. #..#
#. ####..#..# ...# #.
#..# #.
#..#..##...###.##..####.


You could see Jessica and 3 orcs.

Vanquished Creatures
  2 orc wizards (D:3)
  Natasha (D:3)
  A worker ant (D:3)
  3 adders
  An ooze (D:3)
  A dart slug (D:1)
  2 leopard geckos
  6 orcs (D:3)
  A ball python (D:3)
  2 giant cockroaches
  7 hobgoblins
  8 kobolds
  7 bats
  6 frilled lizards
  4 goblins
  4 rats
56 creatures vanquished.

Notes
Turn   | Place    | Note
-------+----------+-------------------------------------------
     0 | D:1      | Mrkan the Gargoyle Fighter began the quest for the Orb.
     0 | D:1      | Reached XP level 1. HP: 14/14 MP: 1/1
   133 | D:1      | Reached XP level 2. HP: 18/19 MP: 2/2
   657 | D:1      | Reached XP level 3. HP: 22/23 MP: 3/3
   848 | D:2      | Found a sparkling altar of Nemelex Xobeh.
   852 | D:2      | Became a worshipper of Nemelex Xobeh the Trickster
   996 | D:2      | Received a gift from Nemelex Xobeh
  1310 | D:3      | Reached XP level 4. HP: 26/29 MP: 4/4
  1394 | D:3      | Reached XP level 5. HP: 5/33 MP: 5/5
  1707 | D:3      | Found a runed translucent door.
  1707 | D:3      | Noticed simoneus's ghost (amateur GnNe)
  2031 | D:3      | Noticed Natasha
  2038 | D:3      | Killed Natasha
  2124 | D:3      | Reached * piety under Nemelex Xobeh
  2161 | D:3      | Noticed Jessica
  2203 | D:3      | HP: 1/33 [Jessica (3)]
  2204 | D:3      | Killed from afar by Jessica

Levels and vault maps discovered:
D:1:      elethiomel_arrival_quiet, layout_basic, chequers_mini_garden
D:2:      layout_rooms, first_ration, kennysheep_crisscross,
          nemelex_lonely_heart_becter
D:3:      layout_basic, hellmonk_ghost_happy_afterlife, uniq_jessica,
          uniq_natasha

Skill      XL: |  1  2  3  4 |
---------------+-------------+-----
Maces & Flails | 3 |  3.9
Fighting       | 4 |  4.2
Armour         | 4 |  4.3
Shields        | 4 |  4.2

Action                   |  1- 3 |  4- 6 || total
-------------------------+-------+-------++-------
Melee: Flail             |   166 |    89 ||   255
  Use: Potion            |       |     1 ||     1
  Eat: Chunk             |     1 |     3 ||     4
Armor: Scale mail        |   134 |    83 ||   217
Dodge: Dodged            |    62 |    33 ||    95
Block: Shield            |   118 |    67 ||   185
